 Dungeon Crawl Stone Soup version 0.29-a0-994-gc5c9f59d18 (webtiles) character file.

Game seed: 5600002277462743520

373 vurker the Shooter (level 6, 32/32 HPs)
             Began as a Spriggan Hunter on Aug 3, 2022.
             Was a Follower of Fedhas.
             Quit the game on level 5 of the Dungeon.
             The game lasted 00:06:04 (4403 turns).

vurker the Shooter (Spriggan Hunter)                Turns: 4403, Time: 00:06:05

Health: 32/32      AC:  2    Str:  9    XL:     6   Next: 43%
Magic:  8/8        EV: 17    Int: 11    God:    Fedhas [*.....]
Gold:   222        SH:  0    Dex: 18    Spells: 5/5 levels left

rFire   . . .      SeeInvis +   a - +0 shortbow
rCold   . . .      Faith    .   (shield currently unavailable)
rNeg    . . .      Spirit   .   c - +0 robe
rPois   .          Reflect  .   (helmet restricted)
rElec   .          Harm     .   (no cloak)
rCorr   .          Rampage  .   (gloves unavailable)
Will    +....                   (boots unavailable)
Stlth   ++........              o - amulet of magic regeneration
HPRegen 0.10/turn               (no ring)
MPRegen 0.51/turn               (no ring)

@: very quick
A: very small, no large weapons, unfitting armour, see invisible, speed 3
a: Renounce Religion


You were on level 5 of the Dungeon.
You worshipped Fedhas.
Fedhas was aware of your devotion.
You visited 1 branch of the dungeon, and saw 5 of its levels.

You collected 222 gold pieces.

Inventory:

Hand Weapons
 a - a +0 shortbow (weapon)
Armour
 c - a +0 robe (worn)
Jewellery
 o - an amulet of magic regeneration (around neck)
   (You found it on level 4 of the Dungeon)
Wands
 f - a wand of polymorph (7)
   (You found it on level 4 of the Dungeon)
Scrolls
 b - 2 scrolls of immolation
 i - 2 scrolls of identify
 n - a scroll of noise
Potions
 d - a potion of flight {unknown}
 e - 4 potions of brilliance
 g - a potion of degeneration {unknown}
 h - a potion of might {unknown}
 j - 2 potions of curing {unknown}
 k - a potion of haste {unknown}
 l - a potion of berserk rage {unknown}
 m - a potion of ambrosia {unknown}
 p - a potion of lignification {unknown}


   Skills:
 + Level 3.2 Fighting
 * Level 6.4 Ranged Weapons
 - Level 2.6 Dodging
 - Level 1.5 Stealth
 + Level 2.2 Invocations


You had 5 spell levels left.
You didn't know any spells.
Your spell library contained the following spells:

 Spells                   Type           Power      Damage    Failure   Level
 Apportation              Tloc           0%         N/A       34%         1
 Hailstorm                Conj/Ice       0%         3d3       98%         4
 Ice Form                 Ice/Tmut       0%         N/A       98%         4
 Alistair's Intoxication  Tmut/Pois      0%         N/A       100%        5
 Simulacrum               Ice/Necr       0%         N/A       100%        6


Dungeon Overview and Level Annotations

Branches:
Dungeon (5/15)
 Temple: D:4-7

Altars:
Fedhas
Yredelemnul


Innate Abilities, Weirdness & Mutations

You are very small and have problems with some larger weapons.
You are too small for most types of armour.
You have supernaturally acute eyesight. (SInv)
You cover ground extremely quickly. (Speed+++)


Message History

The orc wizard closely misses you.
The orc wizard gestures wildly while chanting.
The orc wizard flickers and vanishes for a moment.
You climb upwards.
There is a stone staircase leading down here.
You shoot an arrow. The arrow barely misses the orc wizard.
The orc wizard hits you with a +0 dagger.
You shoot an arrow. The arrow barely misses the orc wizard.
The orc wizard closely misses you.
You shoot an arrow. The arrow barely misses the orc wizard.
The orc wizard hits you with a +0 dagger.
You shoot an arrow. The arrow hits the orc wizard!
The orc wizard completely misses you.
You shoot an arrow. The arrow hits the orc wizard.
You kill the orc wizard!
Fedhas appreciates your contribution to the ecosystem.
No target in view!
No target in view!
Things that are here:
a +0 dagger; a +0 robe; an orc corpse
There is a stone staircase leading down here.
There is an open door here.
There is an open door here.
There is an escape hatch in the floor here.
You slide downwards.
The hatch slams shut behind you.
Found 14 gold pieces.
A black bear comes into view.
Found an escape hatch in the floor.
A black bear is nearby!
You shoot an arrow. The arrow hits the black bear.
The black bear growls angrily.
You hear a shout! x3
A gnoll comes into view. It is wielding a +0 spear.
You hear a shout!
You shoot an arrow. The arrow hits the black bear.
An orc wizard comes into view. It is wielding a +0 dagger.
You shoot an arrow. The arrow hits the black bear.
You hear a shout!
The orc wizard gestures wildly while chanting.
The orc wizard flickers and vanishes for a moment.
A gnoll comes into view. It is wielding a +0 halberd.
You shoot an arrow. The arrow hits the black bear!
A gnoll comes into view. It is wielding a +0 whip.
The gnoll moves out of view.
An iguana comes into view.
The iguana hisses angrily.
As you read the scroll labelled KECZORYNYJO, it crumbles to dust.
You hear a loud clanging noise!
It was a scroll of noise.
You hear a shout! x3; You hear a bark!
You hear a shout!
You hear an angry hiss.
The iguana hisses menacingly.

#..## ####...
########...###.g....
#.......##...#g##...
#.......# ##.......$
#.......###g.g......
#.........h.##.###..
#...l.......##..# ..
#.......#######.# .
#..@....# .# .
#.......# ..
#.......# ...
######### ###


You could see a black bear and an iguana.

Vanquished Creatures
  A necrophage (D:3)
  A howler monkey (D:3)
  An orc priest (D:3)
  2 iguanas
  2 orc wizards (D:4)
  3 gnolls
  2 adders
  2 worms (D:3)
  A dart slug (D:1)
  4 orcs (D:3)
  4 endoplasms
  6 giant cockroaches
  10 goblins
  6 hobgoblins
  6 jackals
  5 kobolds
  4 quokkas
  7 ball pythons
  5 bats
  5 frilled lizards (D:1)
  5 rats
82 creatures vanquished.

Notes
Turn   | Place    | Note
-------+----------+-------------------------------------------
     0 | D:1      | vurker the Spriggan Hunter began the quest for the Orb.
     0 | D:1      | Reached XP level 1. HP: 10/10 MP: 2/2
   177 | D:1      | Reached XP level 2. HP: 15/15 MP: 3/3
   655 | D:2      | Reached XP level 3. HP: 18/18 MP: 4/4
   718 | D:2      | Found a basalt altar of Yredelemnul.
  1263 | D:2      | Reached skill level 5 in Ranged Weapons
  1366 | D:2      | You fall into a shaft and drop 2 floors!
  1557 | D:2      | Reached XP level 4. HP: 23/23 MP: 5/5
  1578 | D:2      | Found a faded altar of an unknown god.
  1597 | D:2      | Prayed at the altar of an unknown god.
  1597 | D:2      | Became a worshipper of Fedhas Madash
  1597 | D:2      | Reached * piety under Fedhas
  2583 | D:4      | Noticed a necrophage
  2619 | D:3      | Reached skill level 1 in Invocations
  2619 | D:3      | Reached XP level 5. HP: 27/27 MP: 6/6
  2814 | D:3      | Reached skill level 6 in Ranged Weapons
  3501 | D:3      | Reached XP level 6. HP: 32/32 MP: 8/8
  4306 | D:5      | Entered Level 5 of the Dungeon
  4403 | D:5      | Quit the game

Illustrated notes

Levels and vault maps discovered:
D:1:      roderic_crossed_star, layout_basic
D:2:      layout_loops_ring, hellmonk_ecumenical_altar_lost_god, basic_altar,
          kennysheep_generic_room_15
D:3:      layout_loops_corners
D:4:      layout_basic, serial_bayou_pond_e, due_unseen_surprise
D:5:      layout_rooms, serial_shops, nicolae_stop_n_shop_2

Skill      XL: |  1  2  3  4  5  6 |
---------------+-------------------+-----
Fighting       | 2 3 |  3.2
Ranged Weapons | 5 6 |  6.4
Invocations    | 1 2 |  2.2
Dodging        | |  2.6
Stealth        | |  1.5

Action                   |  1- 3 |  4- 6 || total
-------------------------+-------+-------++-------
 Fire: Shortbow          |   109 |   134 ||   243
  Use: Scroll            |       |     4 ||     4
Armor: Robe              |     9 |     2 ||    11
Dodge: Dodged            |    24 |    26 ||    50

Table legend: (Time is in decaauts)
 A = Elapsed time spent in this place.
 B = Non-inter-level travel time spent in this place.
 C = Inter-level travel time spent in this place.
 D = Time resting spent in this place.
 E = Time spent auto-exploring this place.
 F = Levels seen in this place.
 G = Mean time per level.
                   A        B        C        D        E       F      G
               +--------+--------+--------+--------+--------+-----+--------+
         Total |   3061 |   2908 |    153 |      8 |   2294 |   5 |  612.2 |
       Dungeon |   3061 |   2908 |    153 |      8 |   2294 |   5 |  612.2 |
               +--------+--------+--------+--------+--------+-----+--------+

Top non-repeatable levels by time:
     D:3: 1383 daAuts
     D:2: 739 daAuts
     D:4: 491 daAuts
     D:1: 393 daAuts
     D:5: 53 daAuts
